 Dungeon Crawl Stone Soup version 0.29-a0-320-g9f8742066b (webtiles) character file.

Game seed: 4148562733685462408

282 dracfodder the Chopper (level 6, -3/37 HPs)
             Began as a Gargoyle Berserker on Apr 2, 2022.
             Was a Believer of Trog.
             Splashed by a jelly's acid (4 damage)
             ... on level 3 of the Dungeon.
             The game lasted 00:08:33 (2692 turns).

dracfodder the Chopper (Gargoyle Berserker)         Turns: 2692, Time: 00:08:34

Health: -3/37      AC:  6    Str: 23    XL:     6   Next: 28%
Magic:  6/6        EV: 10    Int:  7    God:    Trog [**....]
Gold:   144        SH:  0    Dex:  9    Spells: 5/5 levels left

rFire   x . .      SeeInvis .   a - +2 hand axe
rCold   + + .      Faith    .   (no shield)
rNeg    + . .      Spirit   .   n - +0 ice dragon scales
rPois   ∞          Reflect  .   (no helmet)
rElec   +          Harm     .   (no cloak)
rCorr   .          Rampage  .   (no gloves)
Will    +....                   (no boots)
Stlth   ..........              e - amulet of the acrobat
HPRegen 0.12/turn               h - ring of willpower
MPRegen 0.10/turn               (no ring)

@: corroded
A: sickness immunity, AC +4, negative energy resistance 1, electricity
resistance, torment resistance 1, petrification resistance
a: Renounce Religion, Berserk, Trog's Hand


You were on level 3 of the Dungeon.
You worshipped Trog.
Trog was pleased with you.
You visited 1 branch of the dungeon, and saw 3 of its levels.

You collected 144 gold pieces.

Inventory:

Hand Weapons
 a - a +2 hand axe (weapon)
 b - a +2 mace of protection
Missiles
 j - 6 javelins (quivered)
Armour
 g - a +0 ring mail
 n - +0 ice dragon scales (worn)
Jewellery
 e - an amulet of the acrobat (around neck)
 h - a ring of willpower (left hand)
Potions
 d - 3 potions of curing
 f - a potion of cancellation
 i - 2 potions of haste {unknown}
 k - a potion of ambrosia {unknown}
 l - 2 potions of degeneration {unknown}
 o - a potion of flight {unknown}
 p - 2 potions of resistance {unknown}
 q - a potion of heal wounds {unknown}
 s - a potion of invisibility {unknown}


   Skills:
 + Level 3.6 Fighting
 * Level 5.8 Axes
 + Level 0.3 Throwing
 + Level 2.7 Armour
 + Level 1.6 Dodging


You had 5 spell levels left.
You didn't know any spells.
Your spell library was empty.

Dungeon Overview and Level Annotations

Branches:
Dungeon (3/15)

Altars:


Innate Abilities, Weirdness & Mutations

You are immune to sickness and miasma.
Your stone body is resilient. (AC +4)
You are immune to poison.
You resist negative energy. (rN+)
You are resistant to electric shocks. (rElec)
You are resistant to unholy torment.
You are immune to petrification.


Message History

You feel yourself speed up.
You recover from your berserk rage.
You open the door.
There is an open door here.
There is an open door here.
There is a stone staircase leading down here.
A jelly comes into view.
The jelly quivers.
The jelly misses you.
You completely miss the jelly. The jelly hits you but does no damage.
You hit the jelly.
Your hands burn!
The jelly is lightly wounded.
The jelly hits you but does no damage.
You hit the jelly. The acid corrodes you!
Your hands burn!
The jelly is moderately wounded.
The jelly closely misses you.
You slash the jelly!
Your hands burn!
The jelly is heavily wounded.
The jelly closely misses you.
You slash the jelly!
Your hands burn!
The jelly is severely wounded.
The jelly closely misses you.
You hit the jelly but do no damage.
Your hands burn!
The jelly is severely wounded.
The jelly hits you but does no damage.
You hit the jelly but do no damage.
Your hands burn!
The jelly is severely wounded.
The jelly barely misses you.
You hit the jelly. The acid corrodes you!
Your hands burn!
The jelly is severely wounded.
The jelly hits you but does no damage.
You hit the jelly.
Your hands burn!
* * * LOW HITPOINT WARNING * * *
The jelly is almost dead.
The jelly hits you.
* * * LOW HITPOINT WARNING * * *
You are splashed with acid.
* * * LOW HITPOINT WARNING * * *
You hit the jelly.
Your hands burn!
You die...

#........#########
#................##
#.................#
#.................#
####.................########
.....................'.......
##..).......##...#...########
##..........##...#...######
.....#####'###..@.........####
.....'.....#....J.)..........#
..!..#.###.#.####.........##.#
.....#.# #.#.# #.........##.##
#....#.###.#.# #.........##..###
#....#.....'.# #...............#
#....#'####### #..[......###.#.#
#.##...# #...............#
#)###############...............#


You could see a jelly.

Vanquished Creatures
  2 orc priests (D:3)
  An orc wizard (D:3)
  8 adders
  7 gnolls (D:3)
  A worm (D:2)
  2 dart slugs (D:1)
  2 orcs (D:3)
  2 bats (D:1)
  4 endoplasms
  A giant cockroach (D:1)
  4 goblins
  5 hobgoblins
  7 kobolds
  3 quokkas
  3 ball pythons
  3 frilled lizards
  8 rats
63 creatures vanquished.

Notes
Turn   | Place    | Note
-------+----------+-------------------------------------------
     0 | D:1      | dracfodder the Gargoyle Berserker began the quest for the
                  | Orb.
     0 | D:1      | Reached XP level 1. HP: 14/14 MP: 1/1
    72 | D:1      | Found a faded altar of an unknown god.
    78 | D:1      | Reached skill level 3 in Axes
    99 | D:1      | Reached XP level 2. HP: 5/19 MP: 2/2
   827 | D:1      | Reached XP level 3. HP: 23/23 MP: 3/3
  1205 | D:2      | Reached skill level 4 in Axes
  1372 | D:2      | Reached ** piety under Trog
  1780 | D:2      | Reached XP level 4. HP: 27/28 MP: 4/4
  2002 | D:3      | Reached XP level 5. HP: 32/32 MP: 5/5
  2006 | D:3      | Reached skill level 5 in Axes
  2509 | D:3      | Reached XP level 6. HP: 37/37 MP: 6/6
  2691 | D:3      | HP: 1/37 [acid (5)]
  2692 | D:3      | Splashed by a jelly's acid

Illustrated notes

Levels and vault maps discovered:
D:1:      dpeg_arrival_simpleton_c, layout_basic,
          hellmonk_ecumenical_altar_blasted
D:2:      layout_basic
D:3:      layout_basic, kennysheep_donut, minmay_misc_feat_encased

Skill      XL: |  1  2  3  4  5 |
---------------+----------------+-----
Axes           | 3 4 5 |  5.8
Fighting       | |  3.6
Throwing       | |  0.3
Armour         | |  2.7
Dodging        | |  1.6

Action                   |  1- 3 |  4- 6 || total
-------------------------+-------+-------++-------
Melee: Hand axe          |   138 |    70 ||   208
       Mace              |       |     1 ||     1
       Punch             |       |     1 ||     1
Throw: Javelin           |       |    12 ||    12
Invok: Berserk           |       |     1 ||     1
  Use: Scroll            |     4 |     6 ||    10
Armor: Leather armour    |    10 |       ||    10
       Ring mail         |    42 |    20 ||    62
       Ice dragon scales |       |    18 ||    18
Dodge: Dodged            |    92 |    41 ||   133

Table legend: (Time is in decaauts)
 A = Elapsed time spent in this place.
 B = Non-inter-level travel time spent in this place.
 C = Inter-level travel time spent in this place.
 D = Time resting spent in this place.
 E = Time spent auto-exploring this place.
 F = Levels seen in this place.
 G = Mean time per level.
                   A        B        C        D        E       F      G
               +--------+--------+--------+--------+--------+-----+--------+
         Total |   2721 |   2681 |     40 |    225 |   1872 |   3 |  907.0 |
       Dungeon |   2721 |   2681 |     40 |    225 |   1872 |   3 |  907.0 |
               +--------+--------+--------+--------+--------+-----+--------+

Top non-repeatable levels by time:
     D:1: 1106 daAuts
     D:2: 836 daAuts
     D:3: 778 daAuts
